[Event "ESP-chT Honor Division 2022"]
[Site "Linares"]
[Date "2022.09.19"]
[Round "3.4"]
[White "Alonso Rosell, Alvar"]
[Black "Muzychuk, Anna"]
[Result "1/2-1/2"]
[ECO "D78"]
[WhiteElo "2564"]
[BlackElo "2526"]
[Annotator "TA"]
[PlyCount "191"]
[EventDate "2022.09.17"]
[EventType "team-tourn"]
[EventCountry "ESP"]
[SourceTitle "playchess.com"]
[Source "ChessBase"]
[SourceQuality "1"]
[TimeControl "5400+30"]

1. d4 Nf6 2. c4 g6 3. Nf3 Bg7 4. g3 c6 5. Bg2 d5 6. O-O O-O 7. Nc3 dxc4 8. e4 b5 {[%emt 0:06:53] BESTDEEP} 9. Qe2 {[%emt 0:00:30] D78: Fianchetto Grünfeld: 6 0-0 c6.} Na6 {[%emt 0:05:32] BESTDEEP} 10. Rd1 {[%emt 0:12:54] BESTDEEP} Bg4 {[%emt 0:02:27][%cal Oe7e5] [#] EASY} 11. a4 $146 {[%emt 0:12:00] BESTDEEP} ({Predecessor:} 11. h3 Bxf3 12. Bxf3 Nc7 13. a4 e6 14. Bg5 Qd7 15. axb5 Nxb5 16. Nxb5 cxb5 17. Bxf6 Bxf6 {1-0 (31) Mayrhuber,N (2110)-Sedina,E (2258) Corte 2022}) 11... Nb4 {[%emt 0:09:36] RELBLUND 85 (b5-b4) (=21)} (11... b4 $11 12. Na2 Qc8) 12. axb5 $16 {[%emt 0:03:11] CPLX 3.6=>BLUNDERREACT} cxb5 {[%emt 0:00:16] RECAPT} 13. Nxb5 {[%emt 0:03:10] RECAPT} Nd3 {[%emt 0:00:44] CPLX 3.8 15 (Qd8-c8) (=17)} 14. Na3 {[%emt 0:07:35] BESTDEEP} Bxf3 {[%emt 0:24:08] CPLX 3.9} 15. Bxf3 {[%emt 0:00:23] Threatens to win with Be3. RECAPT} Qxd4 {[%emt 0:00:47] [#] CPLX 3.0} 16. Nxc4 $1 {[%emt 0:13:30] BESTDEEP} Qxc4 {[%emt 0:13:30] RECAPT} 17. Qxd3 {[%emt 0:00:24] CPLX 3.1} (17. Rxd3 {is more complex.} e6 18. Bf4 a5 19. Bd6) 17... Qxd3 {[%emt 0:01:51] RECAPT 22 (Qc4-c7) (=12)} 18. Rxd3 {[%emt 0:00:02] RECAPT} e5 {[%emt 0:08:21] CPLX 2.0 18 (e7-e6) (=13)} 19. Rda3 {[%emt 0:25:32] CPLX 2.0 24 (Bc1-d2) (=2)} Rfc8 {[%emt 0:02:58] CPLX 2.0 0 (Rf8-b8) (=12)} 20. Be3 {[%emt 0:02:33] CPLX 2.0} Rab8 {[%emt 0:05:18] CPLX 2.0 16 (h7-h5) (=12)} 21. Rb1 {[%emt 0:06:37] CPLX 2.0 34 (Ra3xa7) (=4)} Rc2 {[%emt 0:01:40] CPLX 2.0 24 (Bg7-f8) (=13)} 22. b3 {[%emt 0:00:31] BESTDEEP} Rc3 {[%emt 0:01:22] BESTDEEP} 23. Rxa7 {[%emt 0:02:14] EASY} Rcxb3 {[%emt 0:01:54] CPLX 2.3 18 (Bg7-f8) (=12)} 24. Rxb3 {[%emt 0:00:06] RECAPT} Rxb3 {[%emt 0:00:01] RECAPT} 25. Be2 $1 {[%emt 0:00:30] DEEPSTRONG} Rb8 {[%emt 0:04:48] BESTDEEP} 26. Bc4 {[%emt 0:00:28] CPLX 2.0} Nxe4 {[%emt 0:00:27] CPLX 2.0} 27. Bxf7+ {[%emt 0:02:05] A strong pair of Bishops. CPLX 2.2} Kh8 {[%emt 0:00:01] CPLX 2.1} 28. h4 {[%emt 0:00:57] CPLX 2.0 20 (Bf7-d5) (=4)} Nd6 {[%emt 0:00:23] BESTDEEP} 29. Bd5 {[%emt 0:00:21] CPLX 2.0} Nf5 {[%emt 0:00:31] CPLX 2.0} 30. Bg5 {[%emt 0:01:57] CPLX 2.1 9 (Be3-c1) (=4)} h6 {[%emt 0:00:58] CPLX 2.1} 31. Be7 {[%emt 0:03:40] White is more active. CPLX 2.2 23 (Bg5-c1) (=5)} Nxe7 {[%emt 0:01:43] CPLX 2.0} 32. Rxe7 $14 {[%emt 0:00:02][%mdl 4096] Endgame KRB-KRB. RECAPT} Rb6 {[%emt 0:00:49] RELBLUND 83 (Bg7-f6) (=11)} (32... Bf6 $14 33. Ra7 g5) 33. Re8+ $16 {[%emt 0:01:12] CPLX 2.0} Kh7 {[%emt 0:00:01] EASY} 34. h5 {[%emt 0:00:16] BESTDEEP} Bf6 {[%emt 0:00:45] CPLX 2.0} 35. Be4 {[%emt 0:00:31] EASY} Kg7 {[%emt 0:00:01] CPLX 2.1} 36. hxg6 {[%emt 0:00:14] MISS-Be4xg6 1 (Be4xg6) (=4)} Rb4 {[%emt 0:00:32] CPLX 2.5 14 (h6-h5) (=10)} 37. Bf5 {[%emt 0:01:18] CPLX 2.6 14 (f2-f3) (=4)} h5 {[%emt 0:00:50] CPLX 2.4 0 (Rb4-b7) (=10)} 38. Re6 {[%emt 0:01:37] CPLX 2.4} h4 {[%emt 0:00:41] CPLX 2.3 0 (Rb4-a4) (=10)} 39. g4 {[%emt 0:01:08] CPLX 2.6 15 (Kg1-g2) (=5)} Rb7 {[%emt 0:00:30] CPLX 2.5 0 (Rb4-c4) (=9)} 40. g5 {[%emt 0:00:56] RELBLUND 77 (Re6-a6) (=7)} ({White should try} 40. Ra6 $16) 40... Bxg5 $11 {[%emt 0:00:13] EASY} 41. Rxe5 {[%emt 0:00:05] CPLX 2.3 17 (Bf5-e4) (=7)} Re7 {[%emt 0:01:21] CPLX 2.1 26 (Bg5-f6) (=9)} 42. Rd5 {[%emt 0:00:20] CPLX 2.3 4 (Re5-a5) (=7)} Bf6 {[%emt 0:00:20] CPLX 2.1 7 (Kg7-h6) (=9)} 43. Kg2 {[%emt 0:00:22] CPLX 2.1} Re5 {[%emt 0:00:11] CPLX 2.1 12 (Kg7-h6) (=9)} 44. Rd7+ {[%emt 0:00:05] EASY} Re7 {[%emt 0:00:21] CPLX 2.2} 45. Rd6 {[%emt 0:00:40] BESTDEEP} Re5 {[%emt 0:00:29] [#] CPLX 2.2 37 (Re7-e2) (=10)} 46. Bd3 {[%emt 0:00:16] BESTDEEP} Re7 {[%emt 0:00:15] CPLX 2.3} 47. f3 {[%emt 0:01:02] CPLX 2.2 72 (Kg2-h3) (=8)} (47. Kh3 $16) 47... Be5 {[%emt 0:00:27] MISSDEEP-Re7-e5 72 (Re7-e5) (=11)} (47... Re5 $1 $14) 48. Rd5 $16 {[%emt 0:00:12] CPLX 2.3} Kf6 {[%emt 0:01:26] CPLX 2.2 74 (Kg7-h6) (=13)} (48... Kh6 $16) 49. Kh3 $18 {[%emt 0:00:31] CPLX 2.3} Bg3 {[%emt 0:00:17] CPLX 2.3 0 (Re7-c7) (=12)} 50. Kg4 {[%emt 0:00:59] CPLX 2.4} Rc7 {[%emt 0:00:02] CPLX 2.4 0 (Bg3-e1) (=12)} 51. Be4 {[%emt 0:00:35] MISS-f3-f4 0 (f3-f4) (=7)} Re7 {[%emt 0:00:20] CPLX 2.4 0 (Bg3-e1) (=12)} 52. Ra5 {[%emt 0:00:08] CPLX 2.4} Rc7 {[%emt 0:01:08] CPLX 2.4 0 (Kf6-g7) (=12)} 53. f4 {[%emt 0:00:39][%cal Bf3f4,Bf4f5][%mdl 32] CPLX 2.4} Re7 {[%emt 0:00:14] CPLX 3.2 0 (Bg3-f2) (=11)} 54. Ra4 {[%emt 0:00:29] BESTDEEP} Rc7 $2 {[%emt 0:00:28] BEVAL 400 (Kf6-g7) (=20)} (54... Kg7 55. f5 Kh6) 55. Ra6+ {[%emt 0:00:26] BEVAL} Kg7 {[%emt 0:00:09] BEVAL} 56. Kg5 $2 {[%emt 0:01:02] MISS-f4-f5 400 (f4-f5) (=15)} (56. f5 {White wants to mate with f6+.} Be5 57. Kg5) 56... Be1 {[%emt 0:01:17] BESTDEEP} 57. f5 {[%emt 0:00:25] Threatening mate with f6+. EASY} Bd2+ {[%emt 0:00:11] CPLX 2.5} 58. Kxh4 {[%emt 0:00:08] CPLX 2.5 0 (Kg5-g4) (=14)} Bc3 {[%emt 0:00:27] Prevents f6+. CPLX 2.3} 59. Kg5 {[%emt 0:00:05] CPLX 2.3} Bd2+ {[%emt 0:00:04] CPLX 2.3} 60. Kg4 {[%emt 0:00:04] f6+ would kill now. CPLX 2.4} Bc3 {[%emt 0:00:06] Prevents f6+. CPLX 2.4} 61. Kf4 Bf6 62. Bd5 Rd7 63. Ke4 Re7+ 64. Be6 Rc7 65. Kd5 Rb7 66. Kc6 Re7 67. Kd6 Rb7 (67... Bg5 $142 68. Ke5 Rb7) 68. Bd5 Re7 69. Ra2 Kf8 (69... Bg5 {was worth a try.} 70. Rg2 Bf6) 70. Be6 Kg7 71. Ra8 Rb7 $2 (71... Bg5 72. Ke5 Bf6+ 73. Kd5 Rb7) 72. Kc6 Re7 73. Rg8+ Kh6 74. Rf8 Kg7 75. Ra8 Be5 76. Rg8+ Kh6 77. Bd7 Bf6 78. Kd6 Re1 79. Be6 Rd1+ {[%emt 0:00:13] [#]} 80. Bd5 $2 (80. Kc7 $1 $18) 80... Re1 $2 (80... Kg5 $11 {and Black is okay.}) 81. Ra8 {[%emt 0:01:00] aiming for Ra7.} Be7+ 82. Kd7 Bf6 {[%emt 0:00:03] Against Rh8+} 83. Be6 {[%emt 0:00:23] And now Ke8 would win.} Ra1 84. Rb8 {[%emt 0:00:50] Hoping for Rb7.} Ra7+ 85. Ke8 $2 ({Better is} 85. Kd6 $18) 85... Kg7 $11 {[%emt 0:00:21] The position is equal.} 86. Bd7 Rc7 87. Rb1 {[%emt 0:00:57] Rh1 is the strong threat.} Ra7 88. Rb8 Rc7 89. Rb1 {[%emt 0:00:04] Strongly threatening Rh1.} Ra7 90. Rc1 Rb7 91. Rc2 Ra7 92. Rc8 Rb7 93. Ra8 Rc7 94. Ra6 Rb7 95. Rc6 Ra7 96. Rc8 {Black defended with fortune.  Weighted Error Value: White=0.17 (very precise) /Black=0.13 (very precise)} 1/2-1/2

[Event "ESP-chT Honor Division 2022"]
[Site "Linares"]
[Date "2022.09.19"]
[Round "3.5"]
[White "Korneev, Oleg"]
[Black "Henderson de La Fuente, Lance"]
[Result "1/2-1/2"]
[ECO "C67"]
[WhiteElo "2460"]
[BlackElo "2504"]
[Annotator "TA"]
[PlyCount "62"]
[EventDate "2022.09.17"]
[EventType "team-tourn"]
[EventCountry "ESP"]
[SourceTitle "playchess.com"]
[Source "ChessBase"]
[SourceQuality "1"]
[TimeControl "5400+30"]

1. e4 e5 2. Nf3 Nc6 3. Bb5 Nf6 4. O-O Nxe4 5. d4 Nd6 6. Bxc6 dxc6 7. dxe5 Nf5 8. Qxd8+ Kxd8 9. Rd1+ Ke8 10. Nc3 Be7 11. h3 Nh4 {[%emt 0:02:16] Hoping for ...Nxf3+. CPLX 2.1 14 (Bc8-e6) (=14). The position is equal.} 12. Nxh4 {[%emt 0:03:59] C67: Ruy Lopez: Berlin Defence: 4 0-0 Nxe4.} Bxh4 {[%emt 0:00:08] RECAPT} 13. Ne2 {[%emt 0:01:56] CPLX 2.0 10 (Bc1-e3) (=5)} h5 {[%emt 0:12:07] CPLX 2.0 6 (Bh4-e7) (=7)} 14. Nd4 {[%emt 0:01:14] CPLX 2.0 6 (Bc1-e3) (=5)} Be7 {[%emt 0:02:43] CPLX 2.0} 15. Re1 {[%emt 0:30:17] [#] CPLX 2.0 10 (Bc1-e3) (=7)} a6 $146 {[%emt 0:22:57] CPLX 2.0 10 (g7-g5) (=6)} ({Predecessor:} 15... g5 16. b3 Rg8 17. Bb2 Rg6 18. Rad1 a5 19. a4 g4 20. hxg4 Bxg4 21. f3 Bh3 {½-½ (37) Isea Fernandez,G (2194)-Delgado,N (2100) ICCF email 2021}) 16. e6 {[%emt 0:02:24] CPLX 2.0 0 (Bc1-e3) (=5)} Bxe6 {[%emt 0:02:47] BESTDEEP} 17. Nxe6 {[%emt 0:00:19] CPLX 2.0 0 (Bc1-f4) (=4)} fxe6 {[%emt 0:00:04] RECAPT} 18. Rxe6 {[%emt 0:02:16] [#] aiming for Bg5. RECAPT} Kf7 {[%emt 0:00:58] CPLX 2.0} 19. Re4 {[%emt 0:07:20] CPLX 2.0 0 (Re6-e2) (=3)} Rhe8 {[%emt 0:05:58] CPLX 2.0} 20. Kf1 {[%emt 0:12:27] CPLX 2.0 0 (Bc1-e3) (=3)} Bf6 {[%emt 0:01:40] BESTDEEP} 21. Rxe8 {[%emt 0:00:07] BESTDEEP} Rxe8 $11 {[%emt 0:00:05][%mdl 4096] Endgame KRB-KRB. RECAPT} 22. c3 {[%emt 0:01:56] CPLX 2.0 0 (Ra1-b1) (=2)} b5 {[%emt 0:13:39] CPLX 2.0 13 (a6-a5) (=4)} 23. a4 {[%emt 0:11:10] CPLX 2.0 13 (Bc1-e3) (=3)} Ke6 {[%emt 0:07:54] BESTDEEP} 24. axb5 {[%emt 0:02:08] CPLX 2.0} axb5 {[%emt 0:00:09] RECAPT} 25. Bd2 {[%emt 0:05:13] CPLX 2.0 9 (Kf1-e2) (=3)} Kd5 {[%emt 0:00:51] CPLX 2.0} 26. b3 {[%emt 0:00:13] BESTDEEP} c5 {[%emt 0:00:47] BESTDEEP} 27. Rd1 {[%emt 0:01:54] CPLX 2.0 4 (Ra1-a7) (=3)} Kc6 {[%emt 0:04:16] CPLX 2.0 0 (Re8-a8) (=3)} 28. g4 {[%emt 0:02:05] CPLX 2.0 2 (Rd1-a1) (=3)} hxg4 {[%emt 0:00:37] CPLX 2.0 15 (Re8-a8) (=3)} 29. hxg4 {[%emt 0:00:02] RECAPT} Ra8 {[%emt 0:03:59] CPLX 2.0 0 (Re8-h8) (=3)} 30. g5 {[%emt 0:01:07] CPLX 2.0} Be5 {[%emt 0:00:24] CPLX 2.0 0 (Bf6-e7) (=3)} 31. Ke2 {[%emt 0:01:03] BESTDEEP} Ra3 {[%emt 0:03:06] A rather calm draw.  Weighted Error Value: White=0.03 (flawless) /Black=0.03 (flawless)} 1/2-1/2

[Event "ESP-chT Honor Division 2022"]
[Site "Linares"]
[Date "2022.09.19"]
[Round "3.6"]
[White "Cramling, Pia"]
[Black "Ubilava, Elizbar"]
[Result "0-1"]
[ECO "E18"]
[WhiteElo "2468"]
[BlackElo "2434"]
[Annotator "TA"]
[PlyCount "76"]
[EventDate "2022.09.17"]
[EventType "team-tourn"]
[EventCountry "ESP"]
[SourceTitle "playchess.com"]
[Source "ChessBase"]
[SourceQuality "1"]
[TimeControl "5400+30"]

1. d4 Nf6 2. c4 e6 3. Nf3 b6 4. g3 Bb7 5. Bg2 Be7 6. O-O O-O 7. Nc3 Ne4 8. Bd2 d6 9. d5 Nxd2 {[%emt 0:06:10] 9...Nxd2 is better than 9...Nxc3.} 10. Qxd2 {[%emt 0:01:03] RECAPT} e5 {[%emt 0:01:02] BESTDEEP. E18: Queen's Indian: Old Main Line (4 g3 Bb7 5 Bg2 Be7 6 0-0 0-0 7 Nc3).} 11. e4 Nd7 {[%emt 0:01:14] CPLX 2.0} 12. Ne1 {[%emt 0:11:57] CPLX 2.0 5 (b2-b4) (=2)} g6 {[%emt 0:09:57] [#] BESTDEEP. The position is equal.} 13. Nc2 $146 {[%emt 0:03:16] CPLX 2.0 14 (b2-b3) (=5)} ({Predecessor:} 13. Nd3 Nc5 14. Rae1 Bf6 15. b4 Nxd3 16. Qxd3 a5 17. a3 Bc8 18. Nb5 Bd7 19. Rb1 {½-½ (72) Lyrberg,P (2444)-Granda Zuniga,J (2663) Barcelona 2014}) 13... Bf6 {[%emt 0:08:42] CPLX 2.0 10 (Be7-g5) (=3)} 14. Ne3 {[%emt 0:04:56] CPLX 2.0 18 (b2-b3) (=7)} Bg7 {[%emt 0:03:12] CPLX 2.0 10 (a7-a5) (=4)} 15. Qc2 {[%emt 0:00:50] CPLX 2.0 0 (Bg2-h3) (=6)} a5 {[%emt 0:01:05] CPLX 2.0} 16. Rae1 {[%emt 0:02:46] CPLX 2.0 10 (a2-a3) (=7)} Nc5 {[%emt 0:04:21] CPLX 2.0 1 (h7-h5) (=3)} 17. Bh3 {[%emt 0:04:40] BESTDEEP} Bc8 {[%emt 0:02:42] CPLX 2.0 27 (h7-h5) (=6)} 18. Bxc8 {[%emt 0:01:25] CPLX 2.4} Qxc8 {[%emt 0:00:10] RECAPT} 19. f3 {[%emt 0:01:09] CPLX 2.0 4 (b2-b3) (=5)} Qd7 {[%emt 0:07:24] CPLX 2.0 5 (Bg7-h6) (=5)} 20. b3 {[%emt 0:05:38] CPLX 2.0 13 (Nc3-b5) (=6)} h5 {[%emt 0:02:10] CPLX 2.0 18 (Bg7-h6) (=6)} 21. Ned1 {[%emt 0:05:13] CPLX 2.0 29 (Nc3-b5) (=8)} f5 {[%emt 0:05:18][%cal Bf7f5,Bf5f4][%mdl 32] CPLX 2.0 13 (h5-h4) (=7)} 22. Nf2 {[%emt 0:00:31] CPLX 2.1 7 (e4xf5) (=8)} Rf7 {[%emt 0:01:38] CPLX 2.1 11 (f5-f4) (=7)} 23. Nd3 {[%emt 0:07:13] CPLX 2.1 36 (Kg1-h1) (=10)} Nxd3 {[%emt 0:03:25] CPLX 2.3 0 (f5-f4) (=7)} 24. Qxd3 {[%emt 0:00:05] RECAPT} Bh6 {[%emt 0:00:13] CPLX 2.0 25 (f5-f4) (=8)} 25. Nd1 {[%emt 0:10:37] CPLX 2.1 50 (e4xf5) (=12)} (25. exf5 $11 Qxf5 26. Qxf5 gxf5 27. f4) 25... f4 $15 {[%emt 0:04:29] BESTDEEP} 26. Kg2 {[%emt 0:00:37] CPLX 2.0 13 (Re1-e2) (=12)} Raf8 {[%emt 0:02:22] CPLX 3.3 0 (f4xg3) (=7)} 27. a4 {[%emt 0:04:10] BESTDEEP} Qe7 {[%emt 0:05:50] BESTDEEP} 28. Nb2 $2 {[%emt 0:05:49] This costs White the game. RELBLUND 239 (Rf1-f2) (=23)} ({Better is} 28. Rf2 $1 $15) 28... fxg3 $19 {[%emt 0:03:06] CPLX 3.4=>BLUNDERREACT} 29. hxg3 {[%emt 0:00:05] CPLX 4.4 70 (h2-h3) (=25)} Qg5 {[%emt 0:00:30] Hoping for ...h4. MISS-h5-h4 43 (h5-h4) (=8)} 30. Kh3 $2 {[%emt 0:10:49] CPLX 3.5 310 (Rf1-f2) (=39)} (30. Rf2 h4 31. g4) 30... h4 {[%emt 0:03:12][%csl Gh4][%cal Rg5g3] EASY} 31. f4 {[%emt 0:00:21] CPLX 4.0} exf4 {[%emt 0:01:46] EASY} 32. gxh4 {[%emt 0:00:22] EASY} Qe5 {[%emt 0:01:56] BESTDEEP} 33. Qd2 {[%emt 0:02:37] [#] CPLX 3.3 400 (Qd3-f3) (=51)} g5 $2 {[%emt 0:02:31] CPLX 3.5 400 (Bh6-g5) (=23)} (33... Bg5 $1 {[%mdl 512] ( -> ...Rh7)} 34. Rf3 {[#]} Bxh4 $1 ) 34. Rf3 $2 {[%emt 0:01:14] RELBLUND 400 (Rf1-g1) (=65)} (34. Rg1 Rg7 35. Rg4) 34... g4+ {[%emt 0:03:26] EASY. Black is clearly winning.} 35. Kxg4 {[%emt 0:00:04] CPLX 3.5 331 (Kh3-h2) (=75)} Rg7+ {[%emt 0:00:05] BESTDEEP} 36. Kh3 {[%emt 0:00:04] LEGAL} Qh5 {[%emt 0:00:08] EASY} 37. Qf2 {[%emt 0:00:30] CPLX 4.5 400 (Qd2-e2) (=84)} Bg5 {[%emt 0:03:57][%cal Og5h4] DEEPSTRONG} 38. Rg1 {[%emt 0:01:05] [#] EASY} Bxh4 $1 {[%emt 0:00:48][%mdl 512] Weighted Error Value: White=1.28/Black=0.27 (precise)} 0-1

[Event "ESP-chT Honor Division 2022"]
[Site "Linares"]
[Date "2022.09.19"]
[Round "3.7"]
[White "Kryvoruchko, Yuriy"]
[Black "Eljanov, Pavel"]
[Result "1-0"]
[ECO "C64"]
[WhiteElo "2669"]
[BlackElo "2695"]
[Annotator "TA"]
[PlyCount "123"]
[EventDate "2022.09.17"]
[EventType "team-tourn"]
[EventCountry "ESP"]
[SourceTitle "playchess.com"]
[Source "ChessBase"]
[SourceQuality "1"]
[TimeControl "5400+30"]

1. e4 e5 2. Nf3 Nc6 3. Bb5 Bc5 4. c3 Nf6 5. d4 exd4 {[%emt 0:00:06] EASY} 6. e5 {[%emt 0:01:07] EASY. C64: Ruy Lopez: Classical Defence (3...Bc5) except 4 0-0 Nf6.} Nd5 {[%emt 0:00:08] CPLX 2.9} 7. O-O {[%emt 0:16:04][%cal Rc3d4] CPLX 2.9} Be7 {[%emt 0:00:07] CPLX 2.8} 8. cxd4 {[%emt 0:03:50] White is slightly better.} d6 {[%emt 0:00:06] CPLX 2.4} 9. Nc3 {[%emt 0:01:47] CPLX 2.8 2 (e5xd6) (=1)} Be6 {[%emt 0:02:18] [#] BESTDEEP} 10. exd6 $146 {[%emt 0:04:52] CPLX 3.0 23 (Qd1-e2) (=5)} ({Predecessor:} 10. Re1 O-O 11. exd6 Bxd6 12. Ng5 Nxc3 13. bxc3 Bd7 14. Qh5 Bf5 15. Qf3 Qf6 16. Ne4 Bxe4 17. Qxf6 gxf6 18. Rxe4 {1-0 (53) Striechman,O (1969)-Cach,J (1596) Prague 2012}) 10... cxd6 {[%emt 0:04:41] RECAPT} 11. Bd3 {[%emt 0:10:21] CPLX 2.7 0 (Rf1-e1) (=4)} O-O {[%emt 0:03:19] CPLX 2.5} 12. Be4 {[%emt 0:06:00] CPLX 2.9 5 (Bc1-d2) (=4)} Nxc3 {[%emt 0:03:48] BESTDEEP} 13. bxc3 {[%emt 0:00:39] Black must now prevent d5. RECAPT} d5 {[%emt 0:00:58] CPLX 2.9} 14. Bc2 {[%emt 0:00:04] CPLX 2.8} Bg4 {[%emt 0:11:57] CPLX 2.4 14 (Qd8-d7) (=1)} 15. Re1 {[%emt 0:13:30] CPLX 2.7} Bh5 {[%emt 0:12:17] BESTDEEP} 16. Bf5 {[%emt 0:03:47] BESTDEEP} Bg6 {[%emt 0:03:27] CPLX 3.0 20 (b7-b6) (=3)} 17. Bxg6 {[%emt 0:05:55] CPLX 2.7 32 (Bf5-h3) (=5)} hxg6 {[%emt 0:00:55] RECAPT} 18. Qb3 {[%emt 0:00:08] CPLX 2.3 4 (Qd1-d3) (=5)} Na5 {[%emt 0:08:53] CPLX 2.3} 19. Qa4 {[%emt 0:00:07][%cal Oe1e7] Strongly threatening Rxe7! BESTDEEP} b6 {[%emt 0:00:18] BESTDEEP} 20. Ne5 {[%emt 0:01:48] CPLX 2.5 13 (Bc1-f4) (=5)} Rc8 {[%emt 0:03:48] CPLX 2.5 20 (Be7-f6) (=3)} 21. Bd2 {[%emt 0:00:55] CPLX 2.6 10 (Qa4-b5) (=6)} Bd6 {[%emt 0:00:30] CPLX 2.6 10 (a7-a6) (=4)} 22. Qb5 {[%emt 0:03:28] BESTDEEP} Nc4 {[%emt 0:21:03] CPLX 2.8 1 (Bd6xe5) (=4)} 23. Nxc4 {[%emt 0:02:05] EASY} Rxc4 {[%emt 0:00:03] RECAPT} 24. a4 {[%emt 0:04:21] CPLX 2.7 5 (g2-g3) (=5)} Bc7 {[%emt 0:05:50] CPLX 2.7} 25. g3 {[%emt 0:00:22] CPLX 2.7 15 (Re1-e2) (=5)} Qa8 $1 {[%emt 0:01:45] DEEPSTRONG} 26. Qa6 {[%emt 0:05:13] CPLX 2.3 10 (h2-h4) (=6)} Qc6 {[%emt 0:06:47] BESTDEEP} 27. Re7 {[%emt 0:00:06] CPLX 2.4 21 (h2-h4) (=6)} ({Wrong is} 27. Qxa7 $2 Ra8 28. Qxa8+ Qxa8 $19) 27... Bb8 {[%emt 0:02:53] CPLX 2.7 46 (Rf8-a8) (=5)} (27... Ra8 $11 {might be stronger.}) 28. Qb5 {[%emt 0:02:54] White wants to play Rd7. CPLX 2.6 39 (h2-h4) (=8)} Rd8 $1 {[%emt 0:03:22] Inhibits Rd7. DEEPSTRONG} 29. Rae1 {[%emt 0:03:26] CPLX 2.9} Kf8 {[%emt 0:00:48] Against Re8+. BESTDEEP} 30. Kg2 {[%emt 0:01:28][%cal Bg1g2,Bg2f3,Bf3e2][%mdl 32] CPLX 4.1 9 (Bd2-g5) (=8)} Qxb5 {[%emt 0:01:53] CPLX 4.1 49 (a7-a5) (=6)} (30... a5 $1 $11 {is more appropriate.}) 31. axb5 $14 {[%emt 0:00:02] RECAPT} Rc7 {[%emt 0:00:30] CPLX 2.1} 32. Rxc7 {[%emt 0:01:11] CPLX 2.1} Bxc7 {[%emt 0:00:01][%mdl 4096] Endgame KRB-KRB. RECAPT} 33. Kf3 {[%emt 0:00:04] BESTDEEP} Rc8 {[%emt 0:01:31] CPLX 2.0 64 (Bc7-d6) (=8)} (33... Bd6 $14) 34. h4 {[%emt 0:00:15] White is more active. MISSDEEP-c3-c4 65 (c3-c4) (=9)} ({Better is} 34. c4 $1 $16) 34... Bd6 {[%emt 0:00:13] CPLX 2.0} 35. g4 {[%emt 0:01:13] CPLX 2.0 0 (Kf3-e3) (=8)} f6 {[%emt 0:01:13] BESTDEEP} 36. h5 {[%emt 0:02:18] BESTDEEP} g5 {[%emt 0:00:20] CPLX 2.0 16 (g6xh5) (=8)} 37. Ra1 {[%emt 0:00:33] CPLX 2.0} Rc7 {[%emt 0:00:15] CPLX 2.0} 38. Ke2 {[%emt 0:00:16] CPLX 2.0} Kf7 {[%emt 0:00:22] CPLX 2.0 0 (Kf8-e7) (=7)} 39. Kd3 {[%emt 0:00:03] CPLX 2.0} Ke6 {[%emt 0:00:44] CPLX 2.0} 40. Rh1 {[%emt 0:00:18] BESTDEEP} Kf7 {[%emt 0:00:50] CPLX 2.0 9 (Rc7-c4) (=7)} 41. h6 {[%emt 0:00:56] h7 is the strong threat. CPLX 2.0} Kg8 {[%emt 0:00:30] CPLX 2.1} 42. Rh3 {[%emt 0:02:34] BESTDEEP} Kh7 {[%emt 0:00:14] CPLX 2.1} 43. Rf3 {[%emt 0:00:25] MISS-h6xg7 4 (h6xg7) (=7)} Be7 {[%emt 0:00:30] CPLX 2.2 20 (Rc7-d7) (=7)} ({Don't play} 43... Kxh6 44. Rf5 $16) 44. hxg7 {[%emt 0:00:37] BESTDEEP} Kxg7 {[%emt 0:00:03] RECAPT} 45. Rf5 {[%emt 0:00:06] EASY} Rd7 {[%emt 0:00:07] EASY} 46. c4 {[%emt 0:00:44] MISS-f2-f4 16 (f2-f4) (=7)} dxc4+ {[%emt 0:00:08] EASY} 47. Kxc4 {[%emt 0:00:03] RECAPT} Rc7+ {[%emt 0:01:05] CPLX 2.0 16 (Be7-d6) (=7)} 48. Kd5 {[%emt 0:01:10] aiming for Ke6. CPLX 2.0 9 (Kc4-d3) (=7)} Rd7+ {[%emt 0:00:47] CPLX 2.0 9 (Be7-a3) (=7)} 49. Ke4 {[%emt 0:00:13] CPLX 2.0} Rc7 $2 {[%emt 0:00:48] RELBLUND 161 (Kg7-g6) (=10)} (49... Kg6 $14) 50. f4 $1 $18 {[%emt 0:01:12] DEEPSTRONG=>BLUNDERREACT} gxf4 {[%emt 0:00:24] BESTDEEP} ({Less strong is} 50... Rc2 51. Kd3 Rb2 52. fxg5 $16) 51. Bxf4 {[%emt 0:00:02] RECAPT} Rc2 {[%emt 0:00:46] [#] CPLX 2.1 24 (Rc7-d7) (=10)} 52. Rd5 {[%emt 0:00:03] CPLX 2.0 127 (Ke4-d5) (=9)} (52. Kd5 $1 $18) 52... Rb2 $2 {[%emt 0:00:21][%mdl 8192] MISSDEEP-Kg7-g6 400 (Kg7-g6) (=18)} (52... Kg6 $16 {is a better chance.}) 53. Rd7 {[%emt 0:00:20][%csl LRa7,LRe7] EVAL} Kf8 {[%emt 0:00:01] CPLX 2.4} 54. d5 {[%emt 0:00:19][%cal Bd4d5,Bd5d6,Bd6d7][%mdl 32] EVAL} Ke8 {[%emt 0:00:24] MISS-Rb2-b4 0 (Rb2-b4) (=18)} 55. Rxa7 {[%emt 0:00:07] And now Kf5 would win. EASY} Rxb5 {[%emt 0:01:02] EVAL 127 (Rb2-b4) (=20)} 56. d6 {[%emt 0:01:39] CPLX 2.2 139 (Ke4-f5) (=11)} f5+ {[%emt 0:00:45] RELBLUND 400 (Be7-d8) (=27)} 57. gxf5 {[%emt 0:00:06] EASY. White mates.} Bf6 {[%emt 0:00:01] RELBLUND 5 (Rb5-b4) (=27)} 58. d7+ {[%emt 0:01:24] DEEPSTRONG} Ke7 {[%emt 0:00:31] [#] RELBLUND} 59. Bc7 $1 {[%emt 0:00:07] DEEPSTRONG} Rb4+ {[%emt 0:00:10] EASY} 60. Kd5 {[%emt 0:01:20] CPLX 2.9} Rb5+ {[%emt 0:01:27] MISS-Rb4-d4 6 (Rb4-d4) (=25)} 61. Kc6 {[%emt 0:00:07] EASY} Rc5+ {[%emt 0:00:14] EASY} 62. Kxb6 {[%emt 0:00:21] Weighted Error Value: White=0.10 (very precise) /Black=0.31} 1-0